 Dungeon Crawl Stone Soup version 0.22-a0-406-g9ff8d77 (webtiles) character file.

104 Borgoz the Skirmisher (level 4, -1/29 HPs)
             Began as a Gargoyle Abyssal Knight on May 8, 2018.
             Was a Believer of Lugonu.
             Splashed by a jelly's acid (7 damage)
             ... on level 4 of the Dungeon.
             The game lasted 00:04:32 (3465 turns).

Borgoz the Skirmisher (Gargoyle Abyssal Knight)     Turns: 3465, Time: 00:04:33

Health: -1/29      AC:  7    Str: 15    XL:     4   Next: 80%
Magic:  6/6        EV: 11    Int: 13    God:    Lugonu [**....]
Gold:   131        SH:  0    Dex: 10    Spells: 3/3 levels left

rFire    . . .     SeeInvis .   a - +1 hand axe
rCold    . . .     Gourm    .   (no shield)
rNeg     + . .     Faith    .   b - +0 leather armour
rPois    ∞         Spirit   .   (no helmet)
rElec    +         Reflect  .   (no cloak)
rCorr    .         Harm     .   (no gloves)
MR       .....                  (no boots)
Stlth    +.........             (no amulet)
HPRegen  0.09/turn              (no ring)
MPRegen  0.10/turn              (no ring)

@: no status effects
A: negative energy resistance 1, electricity resistance, unbreathing,
petrification resistance, rot immunity, AC +3
a: Depart the Abyss, Bend Space, Renounce Religion


You were on level 4 of the Dungeon.
You worshipped Lugonu.
Lugonu was pleased with you.
You were not hungry.

You visited 1 branch of the dungeon, and saw 5 of its levels.
You visited the Abyss 1 time.

You collected 131 gold pieces.

Inventory:

Hand Weapons
 a - a +1 hand axe (weapon)
 t - a +2 dagger of chaos
Armour
 b - a +0 leather armour (worn)
Jewellery
 u - a +4 ring of slaying {unknown}
Scrolls
 d - 2 scrolls of teleportation {unknown}
 g - 2 scrolls of fear {unknown}
 k - a scroll of enchant weapon {unknown}
 l - a scroll of enchant armour {unknown}
 m - 2 scrolls of identify {unknown}
 n - 2 scrolls of remove curse {unknown}
 o - 2 scrolls of blinking {unknown}
 r - a scroll of fog {unknown}
Potions
 e - a potion of flight {unknown}
 f - 2 potions of might {unknown}
 h - 3 potions of haste {unknown}
 i - a potion of mutation {unknown}
 j - a potion of curing {unknown}
 p - a potion of berserk rage {unknown}
 q - a potion of ambrosia {unknown}
Comestibles
 c - 11 rations
 s - 8 chunks of flesh


   Skills:
 + Level 4.0 Fighting
 + Level 2.4 Axes
 + Level 3.1 Armour
 + Level 1.6 Dodging
 + Level 2.8 Invocations


You had 3 spell levels left.
You didn't know any spells.

Dungeon Overview and Level Annotations

Branches:
Dungeon (5/15)
 Temple: D:4-7

Altars:
Cheibriados
Uskayaw
Vehumet
Xom

Shops:
D:5 :

Annotations:
D:4 p0werm0de's ghost, amateur TrFi


Innate Abilities, Weirdness & Mutations

You are resistant to torment.
Your stone body is resilient. (AC +3)
You are immune to poison.
You resist negative energy. (rN+)
You are resistant to electric shocks. (rElec)
You can survive without breathing.
You are immune to petrification.
You are immune to rotting.


Message History

The jelly eats the door!
A jelly comes into view.
There is a stone staircase leading up here.
The jelly jiggles.
The jelly barely misses you.
You climb upwards.
Level annotation: p0werm0de's ghost, amateur TrFi
There is a stone staircase leading down here.
You hit the jelly.
Your hands burn!
The jelly is moderately wounded.
The jelly hits you but does no damage.
You hit the jelly.
Your hands burn!
* * * LOW HITPOINT WARNING * * *
The jelly is heavily wounded.
The jelly barely misses you.
The jelly jiggles.
The jelly hits you.
* * * LOW HITPOINT WARNING * * *
You are splashed with acid!
The acid burns!
You die...

########## ........###
#........#
#.....<..########
#...............#
###<......J.......#
...............@...(..#
#######.#############.#
#.# #.# #.# #.# #.#


You could see a jelly.

Vanquished Creatures
  A worker ant (D:4)
  An adder (D:5)
  2 worms
  3 dart slugs
  2 leopard geckos
  3 orcs
  A ball python (D:5)
  7 bats
  2 giant cockroaches
  5 goblins
  A hobgoblin (D:1)
  7 jackals
  A quokka (D:2)
  4 frilled lizards
  8 kobolds
  9 rats
57 creatures vanquished.

Notes
Turn   | Place    | Note
-------+----------+-------------------------------------------
     0 | Abyss:1  | Borgoz the Gargoyle Abyssal Knight began the quest for the Orb.
     0 | Abyss:1  | Reached XP level 1. HP: 14/14 MP: 2/2
   103 | Abyss:1  | Noticed a large abomination
   104 | D:1      | Escaped the Abyss
   288 | D:1      | Reached * piety under Lugonu
   294 | D:1      | Reached skill level 1 in Dodging
   294 | D:1      | Reached XP level 2. HP: 12/19 MP: 3/3
   958 | D:2      | Found a hide-covered altar of Uskayaw.
   976 | D:2      | Found a snail-covered altar of Cheibriados.
   987 | D:2      | Reached XP level 3. HP: 23/23 MP: 4/4
  2027 | D:3      | Found a radiant altar of Vehumet.
  2547 | D:3      | Found a shimmering altar of Xom.
  2881 | D:4      | Noticed p0werm0de's ghost (amateur TrFi)
  2994 | D:4      | Reached XP level 4. HP: 29/29 MP: 5/5
  3019 | D:5      | Entered Level 5 of the Dungeon
  3259 | D:5      | Found Nioploho's Book Boutique.
  3299 | D:5      | Reached ** piety under Lugonu
  3299 | D:5      | Reached skill level 4 in Fighting
  3465 | D:4      | Splashed by a jelly's acid

Vault maps used:
D:1:      denvon_arrival_waterhouse, serial_glass, glass_columns_a,
          glass_columns_a, columned_hall_lemuel, minivault_11,
          minmay_tetromino_s2
D:2:      overflow_temple_1_default, eat_drink_and_be_merry_uskayaw,
          first_ration, kennysheep_nondescript
D:3:      vehumet_crystals, tgw_xom
D:4:      minmay_misc_feat_diagonals
D:5:      serial_shops, shop, saegor_snake_ambush
Abyss:1:  evilmike_abyss_exit_vortex, minivault_25_ag

Skill      XL: |  1  2  3  4 |
---------------+-------------+-----
Dodging        | 1 |  1.6
Axes           | 2 |  2.4
Armour         | 3 |  3.1
Fighting       | 4 |  4.0
Invocations    | |  2.8

Action                   |  1- 3 |  4- 6 || total
-------------------------+-------+-------++-------
Melee: Hand axe          |   171 |    68 ||   239
Invok: Depart the Abyss  |     1 |       ||     1
       Bend Space        |       |     1 ||     1
  Eat: Chunk             |     6 |     2 ||     8
Armor: Leather armour    |    79 |    43 ||   122
Dodge: Dodged            |   125 |    56 ||   181

Table legend:
 A = Spawn XP
 B = Non-spawn XP
 C = Spawn XP percentage of total XP
 D = Spawn monster count
 E = Non-spawn monster count
 F = Spawn count percentage of total count
 G = Total turns spent on level
                    A         B        C        D         E        F      G
               +---------+---------+-------+---------+---------+-------+---------
         Total |       0 |     149 |   0.0 |       0 |      57 |   0.0 |  3465
               +---------+---------+-------+---------+---------+-------+---------
           D:1 |       0 |      31 |   0.0 |       0 |      18 |   0.0 |   803
           D:2 |       0 |      14 |   0.0 |       0 |       9 |   0.0 |   728
           D:3 |       0 |      33 |   0.0 |       0 |      17 |   0.0 |  1163
           D:4 |       0 |      48 |   0.0 |       0 |       7 |   0.0 |   332
           D:5 |       0 |      23 |   0.0 |       0 |       6 |   0.0 |   335
               +---------+---------+-------+---------+---------+-------+---------
